cohdb
Replays
Latest Replays
All Replays
Popular Replays
Top Player Replays
Match Explorer
How It Works
Community
CoH3 Stats
Reddit
Sign in to upload your games and track your stats! →
Sign in with Steam
Match 42173185
Unlisted
Match 42173185
Overview
Messages
Build Orders
End
Selects Australian Defense Battlegroup
Selects Australian Light Infantry Section
Australian Light Infantry Section
Australian Light Infantry Section
Construct Section Command Post
Dingo Light Scout Car
Construct Platoon Command Post
Humber Armored Car
Australian Light Infantry Section
Construct Field Infirmary
Construct Company Command Post
Foot Guards Section
Infantry Training
Matilda II Heavy Tank
Foot Guards Section
Selects 2-pounder Anti-tank Gun Team
Selects Vehicle Over Repair
Armored Vehicle Training
Vickers Machine Gun Team
Unlock M3 Grant Medium Tanks
M3 Grant Medium Tank
Danny55
AchiliesX
UH|dun! ツ
UH|ck
0
0
Comments
sign in to comment!
No comments posted yet!